 Dungeon Crawl Stone Soup version 0.28-a0-1080-g05a166d0ed (webtiles) character file.

Game seed: 16828767720681653839

51 random13 the Insei (level 3, -1/23 HPs)
             Began as an Octopode Transmuter on Dec 9, 2021.
             Killed from afar by Sigmund (10 damage)
             ... with a puff of flame
             ... on level 2 of the Dungeon.
             The game lasted 00:03:13 (2061 turns).

random13 the Insei (Octopode Transmuter)            Turns: 2061, Time: 00:03:14

Health: -1/23      AC:  1    Str:  9    XL:     3   Next: 81%
Magic:  6/6        EV: 13    Int: 17    God:
Gold:   95         SH:  0    Dex: 12    Spells: 3/6 levels left

rFire   . . .      SeeInvis .     - Unarmed
rCold   . . .      Faith    .   (no shield)
rNeg    . . .      Spirit   .   (helmet restricted)
rPois   .          Reflect  .   c - amulet of magic regeneration
rElec   .          Harm     .   a - ring of resist corrosion
rCorr   +          Rampage  .   (no ring)
Will    .....                   (no ring)
Stlth   ++........              (no ring)
HPRegen 0.07/turn               (no ring)
MPRegen 0.50/turn               (no ring)
                                (no ring)
                                (no ring)

@: no status effects
A: almost no armour, amphibious, 8 rings, camouflage 1, gelatinous body 1,
(nimble swimmer 1), tentacles
a: no special abilities


You were on level 2 of the Dungeon.
You visited 1 branch of the dungeon, and saw 2 of its levels.

You collected 95 gold pieces.

Inventory:

Jewellery
 a - a ring of resist corrosion (left tentacle)
 c - an amulet of magic regeneration (around mantle)
Scrolls
 b - a scroll of identify {unknown}


   Skills:
 - Level 1.0 Fighting
 - Level 2.0 Dodging
 + Level 4.6 Unarmed Combat
 - Level 2.0 Spellcasting
 - Level 2.0 Transmutations


You had 3 spell levels left.
You knew the following spells:

 Your Spells              Type           Power      Damage    Failure   Level
a - Beastly Appendage     Tmut           16%        N/A       9%          1
b - Wereblood             Tmut           8%         N/A       13%         2

Your spell library contained the following spells:

 Spells                   Type           Power      Damage    Failure   Level
 Spider Form              Tmut/Pois      5%         N/A       36%         3
 Ice Form                 Ice/Tmut       5%         N/A       77%         4


Dungeon Overview and Level Annotations

Branches:
Dungeon (2/15)

Altars:

Annotations:
D:2 Sigmund


Innate Abilities, Weirdness & Mutations

You cannot wear most types of armour.
You are amphibious.
You can wear up to eight rings at the same time.
Your skin changes colour to match your surroundings (Stealth+).
Your rubbery body absorbs attacks. (AC +1, EV +1)
((You are camouflaged near water. (Stealth+)))
You have tentacles for arms and can constrict up to eight enemies at once.


Message History

You see here a +0 dagger.
A hobgoblin comes into view.
The hobgoblin shouts!
You tentacle-slap the hobgoblin. You grab the hobgoblin.
You squeeze the hobgoblin.
You kill the hobgoblin!
No target in view!
No target in view!
A frilled lizard, a ball python and a goblin come into view.
The frilled lizard bites you.
The ball python hisses angrily.
The goblin shouts!
You tentacle-slap the frilled lizard.
You kill the frilled lizard!
You tentacle-slap the ball python but do no damage.
You grab the ball python. You squeeze the ball python.
You kill the ball python!
Sigmund the Dreaded comes into view.
He is wielding a +0 scythe.
Found a scroll labelled LUFOD TIRUGUVO.
The goblin closely misses you.
There are monsters nearby!
You closely miss the goblin.
Sigmund shouts!
You grab the goblin. You constrict the goblin.
The goblin hits you with a +0 dagger.
You tentacle-slap the goblin but do no damage.
You squeeze the goblin.
The goblin is heavily wounded.
You constrict the goblin.
A frilled lizard comes into view.
The goblin hits you with a +0 dagger.
The frilled lizard hisses angrily.
You tentacle-slap the goblin.
You kill the goblin!
Sigmund barely misses you. Sigmund hits you with a +0 scythe!
Unknown command.
Sigmund points at you and mumbles some strange words.
You resist with significant effort. Sigmund gestures at you while chanting.
The puff of flame hits you!
You die...

#.#≈#.# #.###.#
####.....####.#
#.............#
###.######.######
#..........#
#.#.######## #.#)#
#.#@##############
..#....@.........#
############.###.#
##.#.##.#
##@###.#.###
#.##...†...#
##.#..†.....
.#####@..##.#.#
...?...l...#.# #


You could see Sigmund.

Vanquished Creatures
  4 endoplasms (D:1)
  2 giant cockroaches (D:1)
  5 hobgoblins
  5 jackals (D:1)
  2 quokkas (D:1)
  6 ball pythons
  2 bats (D:1)
  A frilled lizard (D:2)
  6 goblins
  5 kobolds (D:1)
  5 rats
43 creatures vanquished.

Notes
Turn   | Place    | Note
-------+----------+-------------------------------------------
     0 | D:1      | random13 the Octopode Transmuter began the quest for the
                  | Orb.
     0 | D:1      | Reached XP level 1. HP: 13/13 MP: 3/3
   422 | D:1      | Reached XP level 2. HP: 18/18 MP: 5/5
   811 | D:1      | Reached skill level 4 in Unarmed Combat
   911 | D:1      | Learned a level 2 spell: Wereblood
   924 | D:1      | Reached XP level 3. HP: 20/23 MP: 4/6
  2040 | D:2      | Noticed Sigmund
  2061 | D:2      | Killed from afar by Sigmund

Illustrated notes

Levels and vault maps discovered:
D:1:      dpeg_arrival_morbid_curiosity, layout_loops_ring
D:2:      layout_loops_ring, dreamdust_ecumenical_altar_angels_and_demons,
          feat_on_display, uniq_sigmund

Skill      XL: |  1  2 |
---------------+-------+-----
Unarmed Combat | 4 |  4.6
Fighting       | |  1.0
Dodging        | |  2.0
Spellcasting   | |  2.0
Transmutations | |  2.0

Action                   || total
-------------------------++-------
Melee: Unarmed           ||    89
       Constrict         ||    23
       Tentacles         ||    22
       Kick              ||     6
       Punch             ||     2
 Cast: Beastly Appendage ||    11
 Stab: Sleeping          ||     1
Armor: Skin              ||    14
Dodge: Dodged            ||    44

Table legend: (Time is in decaauts)
 A = Elapsed time spent in this place.
 B = Non-inter-level travel time spent in this place.
 C = Inter-level travel time spent in this place.
 D = Time resting spent in this place.
 E = Time spent auto-exploring this place.
 F = Levels seen in this place.
 G = Mean time per level.
                   A        B        C        D        E       F      G
               +--------+--------+--------+--------+--------+-----+--------+
         Total |   2053 |   1894 |    159 |    122 |   1463 |   2 | 1026.5 |
       Dungeon |   2053 |   1894 |    159 |    122 |   1463 |   2 | 1026.5 |
               +--------+--------+--------+--------+--------+-----+--------+

Top non-repeatable levels by time:
     D:1: 1911 daAuts
     D:2: 142 daAuts
